 Dungeon Crawl Stone Soup version 0.32-a0-872-g59262bdc9b (webtiles) character file.

Game seed: 11350150872324034991

19942108 freelancePsychic the Archmage (level 27, 196/196 HPs)
             Began as a Deep Elf Ice Elementalist on Mar 26, 2024.
             Was the Champion of Vehumet.
             Escaped with the Orb
             ... and 15 runes on Mar 30, 2024!
             The game lasted 04:22:48 (76586 turns).

freelancePsychic the Archmage (DEIE)               Turns: 76586, Time: 04:22:49

Health: 196/196    AC: 25    Str: 10    XL:     27
Magic:  48/66      EV: 39    Int: 50    God:    Vehumet [******]
Gold:   9997       SH: 13    Dex: 27    Spells: 3/80 levels left

rFire   + + +        r - staff of Ignis's Righteous Fury {rF+ Str+3 Int+3 Stlth+ Fire}
rCold   + + .        B - +5 buckler "Tekum" {rF++ Will++}
rNeg    . . .        W - +5 steam dragon scales
rPois   +            H - +3 hat of Pondering {ponderous, Will+ MP+10 Int+5}
rElec   +            L - +2 cloak {Will+}
rCorr   .            Y - +2 pair of gloves {Dex+3}
SInv    .            x - +2 pair of boots {Stlth+}
Will    +++++        h - amulet of Understanding {rElec rF- Regen+ RegenMP+}
Stlth   ++           F - ring "Panon" {rPois rF+ Int+6 Dex-2 Slay+3}
HPRegen 1.32/turn    R - ring "Xoarr" {rC+ Str+3 Int+3 Dex+6}
MPRegen 0.80/turn

%: no passive effects
@: studying Stealth, slow
A: clever 1, cold resistance 1, inability to drink after injury 1, persistent
drain
0: Orb of Zot
}: 15/15 runes: barnacled, slimy, silver, golden, iron, obsidian, icy, bone,
abyssal, demonic, glowing, magical, fiery, dark, gossamer
a: Renounce Religion


You escaped.
You worshipped Vehumet.
Vehumet was exalted by your worship.
You visited 17 branches of the dungeon, and saw 87 of its levels.
You visited Pandemonium 1 time, and saw 19 of its levels.
You visited the Abyss 4 times.
You visited 2 bazaars.
You also visited: Bailey and Desolation.

You collected 14113 gold pieces.
You spent 4116 gold pieces at shops.

Inventory:

Armour
 o - a +2 helmet of see invisible
 x - a +2 pair of boots of stealth (worn)
 B - the +5 buckler "Tekum" (worn) {rF++ Will++}
   (You acquired it on level 4 of the Dungeon)

   rF++:      It greatly protects you from fire.
   Will++:    It greatly increases your willpower.
 H - the +3 hat of Pondering (worn) {ponderous, Will+ MP+10 Int+5}
   (You found it on level 7 of Cocytus)

   Int+5:     It affects your intelligence (+5).
   Will+:     It increases your willpower.
   MP+10:     It affects your magic capacity (+10).
 L - a +2 cloak of willpower (worn)
 W - +5 steam dragon scales (worn)
 X - the +6 fire dragon scales of Zonenov {rElec rF++ rC- Int+4 Slay+2}
   (You took it off a balrug in Pandemonium)

   Int+4:     It affects your intelligence (+4).
   Slay+2:    It affects your accuracy & damage with ranged weapons and melee
   (+2).
   rF++:      It greatly protects you from fire.
   rC-:       It makes you vulnerable to cold.
   rElec:     It insulates you from electricity.
 Y - a +2 pair of gloves of dexterity (worn)
Magical Staves
 r - the staff of Ignis's Righteous Fury (weapon) {rF+ Str+3 Int+3 Stlth+ Fire}
   (You found it on level 4 of the Spider Nest)

   [staff of fire]

   Base accuracy: +5 Base damage: 5 Base attack delay: 1.2 This weapon's minimum
   attack delay (0.6) is reached at skill level 12.
   Str+3:     It affects your strength (+3).
   Int+3:     It affects your intelligence (+3).
   rF+:       It protects you from fire.
   Stlth+:    It makes you more stealthy.
   Fire:      It increases the power of your Fire spells.
   It falls into the 'Staves' category.
   It is a one-handed weapon.
Jewellery
 h - the amulet of Understanding (around neck) {rElec rF- Regen+ RegenMP+}
   (You acquired it on level 4 of the Dungeon)

   [amulet of magic regeneration]

   It increases your rate of magic regeneration.
   rF-:       It makes you vulnerable to fire.
   rElec:     It insulates you from electricity.
   Regen+:    It increases your rate of health regeneration.
   RegenMP+:  It increases your rate of magic regeneration.
 i - the ring of Xearrun {Fly rElec rC+}
   (You found it on level 5 of the Pits of Slime)

   [ring of flight]

   rC+:       It protects you from cold.
   rElec:     It insulates you from electricity.
   Fly:       It grants you flight.
 l - the ring of Deshi {rPois AC+4 Dex+2}
   (You took it off a deep elf high priest on level 3 of the Elven Halls)

   [ring of protection]

   AC+4:      It affects your AC (+4).
   Dex+2:     It affects your dexterity (+2).
   rPois:     It protects you from poison.
 t - the ring "Udyn" {^Contam rPois rC+++ Will+ MP-9}
   (You found it on level 2 of the Shoals)

   [ring of willpower]

   rC+++:     It renders you almost immune to cold.
   rPois:     It protects you from poison.
   Will+:     It increases your willpower.
   MP-9:      It affects your magic capacity (-9).
   ^Contam:   It causes magical contamination when unequipped.
 F - the ring "Panon" (left hand) {rPois rF+ Int+6 Dex-2 Slay+3}
   (You acquired it in a bailey)

   [ring of intelligence]

   Int+6:     It affects your intelligence (+6).
   Dex-2:     It affects your dexterity (-2).
   Slay+3:    It affects your accuracy & damage with ranged weapons and melee
   (+3).
   rF+:       It protects you from fire.
   rPois:     It protects you from poison.
 R - the ring "Xoarr" (right hand) {rC+ Str+3 Int+3 Dex+6}
   (You found it on level 5 of the Pits of Slime)

   [ring of dexterity]

   Str+3:     It affects your strength (+3).
   Int+3:     It affects your intelligence (+3).
   Dex+6:     It affects your dexterity (+6).
   rC+:       It protects you from cold.
Talismans
 S - a talisman of death
Wands
 a - a wand of flame (130)
 w - a wand of digging (15)
 K - a wand of mindburst (62)
 O - a wand of warping (66)
 Q - a wand of quicksilver (53)
Scrolls
 c - 6 scrolls of amnesia
 e - 10 scrolls of fear
 f - 21 scrolls of teleportation {@r4}
 k - 12 scrolls of immolation
 y - 8 scrolls of noise
 D - 10 scrolls of poison
 G - 3 scrolls of blinking
 I - 9 scrolls of fog
 J - 8 scrolls of enchant armour
 V - 2 scrolls of torment
Potions
 b - 4 potions of magic
 g - 7 potions of enlightenment
 j - 8 potions of might
 m - 13 potions of degeneration
 p - 14 potions of heal wounds {@q2}
 q - 22 potions of curing {@q1}
 s - 7 potions of attraction
 u - 13 potions of lignification
 v - 12 potions of haste {@q3}
 z - 13 potions of mutation
 A - 7 potions of berserk rage
 C - 2 potions of resistance
 E - 5 potions of cancellation
 N - 10 potions of brilliance
 P - 11 potions of ambrosia
 T - a potion of invisibility
Miscellaneous
 d - a condenser vane
 n - a phantom mirror
 M - a sack of spiders
 Z - a phial of floods


   Skills:
 + Level 26.4 Fighting
 - Level 12.0 Staves
 - Level 10.0 Armour
 O Level 27 Dodging
 - Level 6.0 Stealth
 - Level 8.8 Shields
 O Level 27 Spellcasting
 - Level 20.0 Conjurations
 - Level 9.9 Necromancy
 - Level 15.0 Fire Magic
 - Level 20.5 Ice Magic
 - Level 20.0 Air Magic
 - Level 20.0 Earth Magic
 - Level 11.8 Alchemy
 - Level 15.0 Evocations
 - Level 23.0 Shapeshifting


You had 3 spell levels left.
You knew the following spells:

 Your Spells              Type           Power      Damage    Failure   Level
a - Maxwell's Capacitive  Air            66%        ∞         1%          8
b - Polar Vortex          Ice            67%        12d8*     1%          9
c - Ignition              Fire           72%        3d19      1%          8
d - Shatter               Erth           66%        3d49*     1%          9
e - Fire Storm            Conj/Fire      76%        8d19      4%          9
f - Freezing Cloud        Conj/Ice/Air   66%        6-21      0%          5
g - Orb of Destruction    Conj           66%        9d16      1%          7
h - Irradiate             Conj/Alch      61%        3d32      0%          5
i - Chain Lightning       Conj/Air       66%        3d88      1%          9
j - Ignite Poison         Fire/Alch      100%       N/A       0%          4
k - Dispel Undead         Necr           100%       3d31      1%          4

Your spell library contained the following spells:

 Spells                   Type           Power      Damage    Failure   Level
 Foxfire                  Conj/Fire      100%       2x1d9     0%          1
 Freeze                   Ice            100%       1d10      0%          1
 Kiss of Death            Conj/Necr      100%       2d13      0%          1
 Magic Dart               Conj           100%       1d8       0%          1
 Necrotise                Necr           100%       1d9       0%          1
 Sandblast                Erth           100%       2d20      0%          1
 Shock                    Conj/Air       100%       1d9       0%          1
 Cigotuvi's Dreadful Rot  Necr/Alch/Air  100%       N/A       0%          2
 Ensorcelled Hibernation  Hex/Ice        100%       N/A       0%          2
 Mercury Vapours          Alch/Air       100%       N/A       0%          2
 Momentum Strike          Conj/Tloc      100%       3d10      0%          2
 Scorch                   Fire           100%       2d9       0%          2
 Searing Ray              Conj           100%       2d8       0%          2
 Static Discharge         Conj/Air       100%       3-8/arc   0%          2
 Sublimation of Blood     Necr           100%       N/A       0%          2
 Dazzling Flash           Conj/Hex       100%       N/A       0%          3
 Frozen Ramparts          Ice            100%       1d16      0%          3
 Fugue of the Fallen      Necr           100%       N/A       0%          3
 Hailstorm                Conj/Ice       100%       3d16      0%          3
 Mephitic Cloud           Conj/Alch/Air  100%       N/A       0%          3
 Ozocubu's Armour         Ice            100%       N/A       0%          3
 Passwall                 Erth           100%       N/A       0%          3
 Stone Arrow              Conj/Erth      100%       3d13      0%          3
 Summon Ice Beast         Ice/Summ       100%       N/A       0%          3
 Swiftness                Air            100%       N/A       0%          3
 Vampiric Draining        Necr           100%       2d13      0%          3
 Apportation              Tloc           100%       N/A       1%          1
 Summon Small Mammal      Summ           100%       N/A       1%          1
 Call Imp                 Summ           100%       N/A       1%          2
 Jinxbite                 Hex            100%       N/A       1%          2
 Lesser Beckoning         Tloc           100%       N/A       1%          2
 Confusing Touch          Hex            61%        N/A       1%          3
 Teleport Other           Tloc           61%        N/A       1%          3
 Tukima's Dance           Hex            61%        N/A       1%          3
 Volatile Blastmotes      Fire/Tloc      100%       2d18      1%          3
 Airstrike                Air            66%        2d(10-26) 0%          4
 Brom's Barrelling Bould  Conj/Erth      100%       2d11      0%          4
 Flame Wave               Conj/Fire      100%       2d21      0%          4
 Fulminant Prism          Conj/Alch      61%        3d26      0%          4
 Leda's Liquefaction      Alch/Erth      61%        N/A       0%          4
 Olgreb's Toxic Radiance  Alch           100%       N/A       0%          4
 Petrify                  Alch/Erth      100%       N/A       0%          4
 Sticky Flame             Fire/Alch      100%       2d15      0%          4
 Arcjolt                  Conj/Air       66%        1d76      0%          5
 Borgnjor's Vile Clutch   Necr/Erth      60%        N/A       0%          5
 Fireball                 Conj/Fire      76%        3d28      0%          5
 Iskenderun's Battlesphe  Conj           100%       2d15      0%          5
 Lee's Rapid Deconstruct  Erth           66%        3d30*     0%          5
 Bombard                  Conj/Erth      66%        9d11      0%          6
 Conjure Ball Lightning   Conj/Air       66%        3x3d25    0%          6
 Permafrost Eruption      Ice/Erth       66%        2x4d15    0%          6
 Plasma Beam              Fire/Air       76%        2x1d93    0%          6
 Starburst                Conj/Fire      76%        6d19      0%          6
 Anguish                  Hex/Necr       43%        N/A       1%          4
 Animate Armour           Summ/Erth      100%       N/A       1%          4
 Animate Dead             Necr           100%       N/A       1%          4
 Cause Fear               Hex            30%        N/A       1%          4
 Dimensional Bullseye     Hex/Tloc       30%        N/A       1%          4
 Iskenderun's Mystic Bla  Conj/Tloc      100%       2d19      (+2d11%     4
 Martyr's Knell           Necr/Summ      87%        N/A       1%          4
 Maxwell's Portable Pile  Tloc           61%        2d(14-28) 1%          4
 Passage of Golubria      Tloc           61%        N/A       1%          4
 Summon Lightning Spire   Summ/Air       100%       N/A       1%          4
 Vhi's Electric Charge    Tloc/Air       100%       N/A       1%          4
 Alistair's Intoxication  Alch           74%        N/A       1%          5
 Curse of Agony           Necr           100%       N/A       1%          5
 Metabolic Englaciation   Hex/Ice        53%        N/A       1%          5
 Yara's Violent Unravell  Hex/Alch       45%        3d18      1%          5
 Death Channel            Necr           52%        N/A       1%          6
 Eringya's Noxious Bog    Alch           55%        4d6       1%          6
 Sculpt Simulacrum        Ice/Alch       62%        N/A       1%          6
 Spellforged Servitor     Conj/Summ      53%        N/A       1%          7
 Lehudib's Crystal Spear  Conj/Erth      66%        10d15     1%          8
 Summon Forest            Summ/Tloc      30%        N/A       5%          5
 Summon Mana Viper        Hex/Summ       61%        N/A       5%          5
 Haunt                    Necr/Summ      43%        N/A       22%         7
 Borgnjor's Revivificati  Necr           52%        N/A       22%         8
 Infestation              Necr           52%        N/A       22%         8
 Dispersal                Tloc           30%        N/A       30%         6
 Gell's Gavotte           Tloc           30%        2d(25-37) 30%         6
 Summon Cactus Giant      Summ           30%        N/A       30%         6
 Enfeeble                 Hex            30%        N/A       86%         7
 Manifold Assault         Tloc           30%        N/A       86%         7
 Monstrous Menagerie      Summ           30%        N/A       86%         7
 Summon Hydra             Summ           30%        N/A       86%         7
 Discord                  Hex            30%        N/A       100%        8
 Disjunction              Tloc           30%        N/A       100%        8
 Summon Horrible Things   Summ           30%        N/A       100%        8
 Dragon's Call            Summ           30%        N/A       100%        9


Dungeon Overview and Level Annotations

Branches:
Dungeon (15/15)            Temple (0/1) D:6            Lair (5/5) D:8
 Shoals (4/4) Lair:2       Spider (4/4) Lair:2        Slime (5/5) Lair:4
    Orc (2/2) D:9             Elf (3/3) Orc:2        Vaults (5/5) D:14
  Crypt (3/3) Vaults:3       Tomb (3/3) Crypt:3      Depths (4/4) D:15
   Hell (visited)             Dis (7/7) Hell            Geh (7/7) Hell
    Coc (7/7) Hell            Tar (7/7) Hell            Zot (5/5) Depths:4
 Bailey (visited)         Desolation (visited)

Altars:
Ashenzari
Dithmenos
Elyvilon
Gozag
Nemelex Xobeh
Okawaru
Ru
Trog
Vehumet
Wu Jian
Xom
Yredelemnul
Zin
The Shining One
Beogh
Jiyva

Shops:
D:4 *   D:5 :   D:6 !   Orc:2 (*(:   Elf:3 ::=   Shoals:1 *   Shoals:2 :
Vaults:1 [   Vaults:3 (   Vaults:4 =?((:   Depths:1 *   Depths:2 [

Portals:
Hell: Depths:1 Depths:2 Depths:3 Depths:4
Abyss: Depths:3
Pandemonium: Depths:1 Depths:2 Depths:3
Ziggurat: Depths:4

Annotations:
D:6 1 transporter
D:9 1 transporter, Erica
D:11 exclusion: hydra
D:13 2 transporters, Uzeprotekshun's ghost, journeyman MDMo
Shoals:3 3 runed translucent doors, Taer's ghost, adept CoFi; Yxiroum's ghost, adept CoHu; Ziod Jao's ghost, journeyman MeWn
Spider:1 1 exclusion
Elf:1 exclusions: obsidian statue and orange crystal statue
Elf:2 exclusion: dancing weapon, Zenata
Depths:1 2 transporters, Eluafa Diuxt's ghost, veteran TrGl
Depths:3 1 runed translucent door, Jigeme's ghost, veteran DEHs


Innate Abilities, Weirdness & Mutations

Your mind is acute. (Int +4, Str/Dex -1)
Your flesh is cold resistant. (rC+)
You occasionally lose the ability to drink potions when taking damage.
Your health recovers twice as slowly from being drained.


Message History

Qigient resists.
You kill Qigient!
Vehumet accepts your kill.
You feel your power returning. The bolt of lightning hits you! You resist.
There is a stone staircase leading up here.
You climb upwards.
There is a stone staircase leading down here.
HP restored.
There is a stone staircase leading up here.
You climb upwards.
There is a stone staircase leading down here.
There is a stone staircase leading up here.
You climb upwards.
There is a stone staircase leading down here.
There is a stone staircase leading up here.
You climb upwards.
There is a stone staircase leading down here.
Magic restored.
Things that are here:
a +0 club; a quokka skeleton An Orb Guardian comes into view.
Unknown command.
Casting: Chain Lightning (dangerous; 1% risk of failure)
Confirm with . or Enter, or press ? or * to list all spells.
The dungeon rumbles!
You kill the Orb Guardian!
Vehumet accepts your kill.
You feel your power returning.
A door shatters!
Ka-crash!
Casting: Shatter (dangerous; 1% risk of failure)
Confirm with . or Enter, or press ? or * to list all spells.
The dungeon rumbles!
Ka-crash!
Casting: Shatter (dangerous; 1% risk of failure)
Confirm with . or Enter, or press ? or * to list all spells.
The dungeon rumbles!
A door shatters! x2
Ka-crash!
No target in view!
There is a staircase leading out of the dungeon here.
You have escaped!

.....##........# #.......#
.....##........# #.......#
÷....##....##### #.......#
..########.######### #.......#
..+........#.#.#.#.## #.......#
..#.#...#..##.#...#.# #.......'
...............#.#.### #.......#
#..........#..#.#.#..# #.......#
#..........#....@#.#.# #.......#
#...........#.#.#.#..# #.......#
...................#.# #.......#
..............#...#+.## #.......#
........).............###.......#
..............##......'..........
#........##...........#######.###
#........##...........# #.#
#.........#...........## #.#


There were no monsters in sight!

Vanquished Creatures
  Cerebov (Pan)
  Antaeus (Coc:7)
  Asmodeus (Geh:7)
  Mnoleg (Pan)
  the Royal Jelly (Slime:5)
  Gloorx Vloq (Pan)
  A seraph (Zot:1)
  the Serpent of Hell (Tar:7)
  Lom Lobon (Pan)
  11 dread liches
  Khufu (Crypt:3)
  3 orbs of fire (Zot:5)
  11 ancient liches
  Dispater (Dis:7)
  Mara (Spider:3)
  6 juggernauts
  Xtahua (Crypt:2)
  29 royal mummies
  20 shard shrikes
  4 Killer Klowns (Zot:5)
  Saint Roka (Depths:1)
  22 caustic shrikes
  13 golden dragons
  7 profane servitors
  Geryon (Hell)
  Jory (Vaults:2)
  Nikola (Shoals:3)
  12 bone dragons
  3 doom hounds (Tar:7)
  17 Tzitzimimeh
  10 Brimstone Fiends
  14 iron giants
  3 hellephants
  3 electric golems
  A shard shrike zombie (Crypt:3)
  28 Ice Fiends
  9 pandemonium lords
  2 deep elf blademasters (Elf:3)
  23 Orb Guardians
  16 tentacled monstrosities
  8 liches
  A shard shrike skeleton (Dis:6)
  18 Hell Sentinels
  7 tainted leviathans
  22 titans
  Asterion (Vaults:2)
  3 quicksilver dragons
  A deep elf master archer (Elf:3)
  16 acid blobs
  Mlioglotl (Shoals:4)
  A kraken (Shoals:4)
  12 sphinxes
  20 searing wretches
  The ghost of dcgchant the Omniscient, an adept GnIE of Ashenzari (Spider:4)
  24 Executioners (Pan)
  Frances (Elf:1)
  35 ancient champions
  16 tentacled starspawn
  The ghost of yleetSyT the Markself, an adept DEHu of Dithmenos (Shoals:2)
  5 death cobs
  Agnes (D:14)
  Kirke (Spider:1)
  2 fenstrider witches (Pan)
  4 azure jellies
  5 storm dragons
  Aizul (Spider:1)
  Donald (Vaults:2)
  8 tengu reavers
  15 shadow dragons
  9 rockslimes
  Ilsuiw (Shoals:3)
  8 draconian monks
  13 protean progenitors
  14 narguns
  22 fire giants
  8 revenants
  6 demonspawn warmongers (Pan)
  7 quicksilver elementals
  12 vault wardens
  9 frost giants
  2 nagarajas (Pan)
  31 balrugs
  4 iron dragons
  3 draconian knights
  2 imperial myrmidons (Desolation)
  7 deep elf sorcerers
  3 juggernaut zombies (Tar:5)
  3 emperor scorpions (Spider:4)
  7 draconian scorchers
  A caustic shrike zombie (Tomb:3)
  9 ghost moths
  3 draconian shifters
  5 angels
  2 spectral caustic shrikes
  8 draconian stormcallers
  10 shard shrike simulacra
  3 orc warlords (Vaults:3)
  2 spectral juggernauts
  6 deep elf elementalists (Elf:3)
  19 cacodemons (Pan)
  14 ghouls
  3 curse skulls
  9 demonspawn corrupters (Pan)
  15 quicksilver oozes
  A spriggan defender (Depths:2)
  34 reapers
  A demonspawn blood saint (Pan)
  A caustic shrike skeleton (Pan)
  13 ironbound preservers
  17 stone giants
  8 ironbound thunderhulks
  30 very ugly things
  4 juggernaut skeletons (Pan)
  11 vampire knights
  8 draconian annihilators
  5 formless jellyfish
  26 elemental wellsprings
  A broodmother (Spider:4)
  5 deep elf death magi
  10 deep elf annihilators
  7 deep elf demonologists
  4 bennus (Tomb:3)
  7 demonspawn black suns (Pan)
  10 green draconians
  11 yellow draconians
  8 black draconians
  2 halazid warlocks (Desolation)
  27 wendigos
  5 lorocyprocas
  21 war gargoyles
  2 minotaurs (Shoals:4)
  19 dire elephants
  8 red draconians
  13 spark wasps
  6 putrid mouths
  11 white draconians
  4 purple draconians
  Snorg (D:11)
  A spectral quicksilver dragon (Dis:6)
  11 jiangshi
  10 eidola
  21 iron golems
  24 mummy priests
  9 yaktaur captains
  20 ettins
  4 fire dragons
  3 crystal guardians
  12 green deaths
  11 blizzard demons
  13 deep elf high priests
  3 spectral spriggans
  10 great orbs of eyes
  6 merfolk impalers
  2 entropy weavers
  4 ragged hierophants (Desolation)
  10 salamander tyrants
  A spectral shadow dragon (Tar:2)
  3 quicksilver dragon zombies
  32 vault guards
  7 hell beasts
  5 hydras
  6 ironbound frosthearts
  23 caustic shrike simulacra
  Erolcha (D:9)
  2 ogre magi (Vaults:5)
  8 ice dragons
  4 servants of whispers (Desolation)
  8 peacekeepers
  6 spriggan air magi
  5 jorogumos
  3 alligator snapping turtles
  6 juggernaut simulacra
  6 radroaches
  8 rakshasas
  3 merfolk avatars
  A spectral stone giant (Tar:2)
  7 death knights
  5 two-headed ogres
  A catoblepas (Lair:5)
  A satyr (shapeshifter) (Vaults:5)
  22 dancing weapons
  13 centaur warriors
  20 boulder beetles
  8 tengu warriors
  28 death yaks
  5 merfolk aquamancers
  A deep troll shaman (Lair:5)
  12 satyrs (Shoals:4)
  9 vampire magi
  14 stokers
  A sphinx skeleton (Vaults:3)
  5 orc high priests
  12 demonic crawlers
  5 deep troll earth magi
  37 death scarabs
  A titan zombie (Crypt:3)
  9 thrashing horrors
  2 spectral nagas
  8 spriggan berserkers
  20 hell knights
  36 hell hogs
  6 occultists
  A quicksilver ooze zombie (Crypt:2)
  A storm dragon zombie (Crypt:3)
  9 deep elf knights
  2 titan skeletons
  9 wretched stars
  53 sun demons
  6 hellephant skeletons (Pan)
  2 spectral dire elephants
  5 iron trolls
  26 soul eaters
  A fire crab (shapeshifter) (Vaults:5)
  A skyshark (Shoals:3)
  9 crystal echidnas
  A spatial maelstrom (Abyss:2)
  9 sea snakes
  A golden dragon zombie (Crypt:3)
  4 pharaoh ants
  An anaconda zombie (Tar:5)
  6 flayed ghosts
  A mana viper (Abyss:4)
  15 shadow wraiths
  A spectral iron dragon (Tar:5)
  49 deep trolls
  6 quicksilver dragon simulacra
  29 sixfirhies
  A glowing orange brain (shapeshifter) (Vaults:5)
  35 skeletal warriors
  A bunyip zombie (Crypt:3)
  A sun moth (shapeshifter) (Vaults:5)
  A death drake (shapeshifter) (Vaults:2)
  An orb spider (shapeshifter) (Vaults:5)
  A cherub (Zot:1)
  8 glowing orange brains
  4 bog bodies (Crypt:1)
  10 shadow demons
  2 swamp dragons (shapeshifter)
  3 orange crystal statues (Hell)
  39 phantasmal warriors
  16 orb spiders
  8 arcanists
  6 thermic dynamos
  A spectral bunyip (Tar:2)
  9 deep elf archers
  4 spriggan simulacra
  33 large abominations
  14 ironbound convokers
  24 orc knights
  4 sun moths (Pan)
  An anaconda skeleton (Crypt:1)
  17 harpies
  4 steelbarb worms
  8 lindwurms
  42 ugly things
  A fenstrider witch simulacrum (Hell)
  2 obsidian bats
  10 necromancers
  27 deep elf pyromancers
  27 deep elf zephyrmancers
  A faun (shapeshifter) (Vaults:5)
  16 wolf spiders
  18 fauns
  Maurice (D:8)
  6 cyclopes
  16 manticores
  7 orc sorcerers
  A shining eye (shapeshifter) (Vaults:5)
  A frost giant zombie (Vaults:1)
  17 moths of wrath
  2 iron dragon skeletons
  5 shining eyes
  A stone giant skeleton (Crypt:1)
  A worldbinder (Abyss:2)
  2 alligator skeletons (Crypt:2)
  5 kobold blastminers
  6 meliai
  16 elephants (Lair:5)
  3 centaur zombies
  A human skeleton (Vaults:3)
  5 water nymphs (Shoals:4)
  An apocalypse crab (Abyss:2)
  17 vault sentinels
  6 molten gargoyles (Hell)
  2 alligator snapping turtle zombies (Crypt:3)
  2 black mambas
  2 guardian serpents (Desolation)
  7 merfolk sirens
  9 cane toads
  2 gargoyles
  27 smoke demons
  3 dire elephant zombies
  2 ice statues (Coc:7)
  10 torpor snails
  2 centaur skeletons (D:15)
  23 hellions
  2 cane toads (shapeshifter)
  28 yaktaurs
  2 unseen horrors
  21 orange demons (Pan)
  6 rime drakes
  3 naga skeletons
  10 freezing wraiths
  11 komodo dragons
  5 titan simulacra
  7 efreet
  3 anaconda simulacra
  5 kobold demonologists
  19 tormentors
  7 tengu conjurers
  A golden dragon simulacrum (Coc:7)
  4 ancient zymes
  2 bunyip simulacra
  3 iron giant simulacra
  9 ice devils
  7 trolls
  39 guardian mummies
  23 merfolk
  7 red devils (Pan)
  A grey draconian skeleton (Crypt:1)
  2 harpy zombies
  A merfolk (shapeshifter) (Vaults:5)
  4 polar bears
  A queen bee (D:12)
  A shadow dragon simulacrum (Coc:1)
  22 hellwings (Pan)
  12 wind drakes
  3 hornets
  25 tarantellas
  2 snapping turtles (shapeshifter)
  Grinder (D:5)
  A raiju (shapeshifter) (D:14)
  40 saltlings (Desolation)
  6 glass eyes
  2 harpy skeletons
  An iron dragon simulacrum (Coc:7)
  22 blink frogs
  2 stone giant simulacra
  A raiju (Abyss:2)
  11 snapping turtles
  8 dream sheep
  A spectral black mamba (Tar:1)
  78 slime creatures
  2 centaur simulacra (Coc:2)
  19 culicivoras
  5 air elementals
  2 jumping spiders (shapeshifter)
  31 jumping spiders
  2 ettin skeletons
  32 starcursed masses
  20 ynoxinuls
  2 spriggans (Depths:2)
  31 ushabtiu
  55 yaks
  A shadow (D:12)
  A vampire (D:13)
  4 fire bats
  17 wraiths
  17 humans
  8 dire elephant simulacra
  19 water elementals
  4 basilisks
  4 hogs (Spider:1)
  A black mamba skeleton (Tomb:2)
  A basilisk (shapeshifter) (Vaults:4)
  23 neqoxecs
  5 wargs
  11 golden eyes
  48 redbacks
  A wyvern (Lair:5)
  14 chaos spawn
  A steam dragon (Lair:3)
  15 vampire mosquitoes
  2 spatial vortices (Abyss:2)
  A naga (shapeshifter) (Abyss:4)
  5 alligator snapping turtle simulacra
  20 harpy simulacra
  3 naga zombies (Crypt:3)
  9 small abominations
  3 human zombies
  9 water moccasins
  An acid dragon (D:11)
  5 hell hounds (Hell)
  A glowing shapeshifter skeleton (Vaults:1)
  A hydra simulacrum (Coc:6)
  29 orc warriors
  6 ettin simulacra
  2 ogres
  7 black bears
  32 laughing skulls
  3 boggarts (D:14)
  43 wolves
  7 centaurs
  A manticore skeleton (Crypt:2)
  3 weeping skulls
  5 phantoms
  4 brain worms
  8 kobold brigands (Abyss:3)
  15 bullfrogs
  3 gnoll sergeants
  5 naga simulacra
  2 earth elementals
  17 wights
  9 wyvern skeletons
  11 spriggan zombies
  24 killer bees
  8 electric eels
  A spriggan skeleton (Crypt:1)
  6 howler monkeys
  2 quasits
  2 hounds
  5 jellies
  24 orc priests
  A gnoll bouda (D:9)
  A sleepcap (D:5)
  2 iguanas
  29 orc wizards
  An ogre skeleton (Crypt:2)
  A boggart simulacrum (D:15)
  A hound zombie (Crypt:1)
  48 mummies
  22 gnolls
  6 adders
  A swamp drake skeleton (Crypt:2)
  4 ufetubi
  A dart slug (D:3)
  2 ribbon worms
  92 orcs
  5 ball pythons
  3 endoplasms
  14 goblins
  12 hobgoblins
  6 jackals
  A kobold (D:3)
  4 quokkas (D:1)
  A bat (D:3)
  A bombardier beetle zombie (Crypt:1)
  A frilled lizard (D:1)
  A frilled lizard skeleton (Crypt:1)
  A jackal skeleton (D:8)
  5 rats
  14 aspiring fleshes
  3 creeping infernos
  8 fire vortices
  A lurking horror (Abyss:4)
  19 starspawn tentacles
  A tentacle (Shoals:4)
4121 creatures vanquished.

Vanquished Creatures (collateral kills)
  A water elemental (Shoals:1)
1 creature vanquished.

Vanquished Creatures (others)
  3 eldritch tentacles (Pan)
  A ghost moth (Spider:4)
  A stoker (Geh:7)
  A satyr (Shoals:4)
  An occultist (Depths:3)
  A thrashing horror (Abyss:4)
  A sixfirhy (Pan)
  A spriggan simulacrum (Coc:1)
  A harpy (Shoals:4)
  A bog body (Crypt:1)
  A freezing wraith (Vaults:5)
  A dire elephant simulacrum (Hell)
  A harpy simulacrum (Coc:2)
  A ball lightning (Pan)
  7 fire vortices
  24 starspawn tentacles
  3 tentacles (Shoals:4)
50 creatures vanquished.

Grand Total: 4172 creatures vanquished

Notes
Turn   | Place    | Note
-------+----------+-------------------------------------------
     0 | D:1      | freelancePsychic the Deep Elf Ice Elementalist began the
                  | quest for the Orb.
     0 | D:1      | Reached XP level 1. HP: 10/10 MP: 6/6
   273 | D:1      | Reached XP level 2. HP: 7/16 MP: 4/8
  1333 | D:2      | Reached skill level 1 in Fighting
  1333 | D:2      | Reached XP level 3. HP: 19/20 MP: 6/10
  1466 | D:3      | Learned a level 3 spell: Frozen Ramparts
  1470 | D:3      | Learned a level 3 spell: Ozocubu's Armour
  1576 | D:3      | HP: 1/20 [orc/+0 flail (7)]
  1755 | D:3      | Reached skill level 5 in Ice Magic
  1755 | D:3      | Reached XP level 4. HP: 25/25 MP: 5/11
  1997 | D:3      | Noticed a phantom
  2210 | D:4      | Upgraded the game from 0.32-a0-841-g4648e6c457 to
                  | 0.32-a0-872-g59262bdc9b
  2403 | D:4      | Reached XP level 5. HP: 30/30 MP: 4/12
  2469 | D:4      | Found an opulent altar of Gozag.
  2469 | D:4      | Found an iron altar of Okawaru.
  2477 | D:4      | Found a radiant altar of Vehumet.
  2479 | D:4      | Found a faded altar of an unknown god.
  2480 | D:4      | Found a sacrificial altar of Ru.
  2483 | D:4      | Became a worshipper of Vehumet
  2904 | D:4      | Found Tippanu's Assorted Antiques.
  2910 | D:4      | Bought a scroll labelled YKIT LOREJAUN for 21 gold pieces
  2910 | D:4      | Bought a bubbling green potion for 18 gold pieces
  2910 | D:4      | Bought a blue potion for 18 gold pieces
  2910 | D:4      | Bought a lumpy emerald potion for 18 gold pieces
  2910 | D:4      | Bought a scroll of identify for 42 gold pieces
  2912 | D:4      | Identified 2 scrolls of acquirement
  2913 | D:4      | Acquired the +5 buckler "Tekum" {rF++ Will++}
  2915 | D:4      | Acquired the amulet of Understanding {rElec rF- Regen+
                  | RegenMP+}
  3056 | D:5      | Entered Level 5 of the Dungeon
  3103 | D:5      | Noticed a phantom
  3147 | D:4      | Reached skill level 1 in Shields
  3147 | D:4      | Reached XP level 6. HP: 25/36 MP: 11/13
  3169 | D:5      | Noticed Grinder
  3298 | D:6      | Found a transporter.
  3621 | D:6      | Found a transporter.
  3655 | D:6      | Found Zeuhowoe's Distillery.
  3659 | D:6      | Bought a potion of curing for 30 gold pieces
  3659 | D:6      | Bought a potion of berserk rage for 50 gold pieces
  3659 | D:6      | Bought a potion of lignification for 30 gold pieces
  3729 | D:6      | Found a staircase to the Ecumenical Temple.
  3818 | D:6      | Noticed a kobold demonologist
  4194 | D:6      | Reached XP level 7. HP: 40/41 MP: 8/14
  4352 | D:7      | Reached skill level 1 in Necromancy
  4417 | D:6      | Learned a level 4 spell: Dispel Undead
  4575 | D:7      | Reached * piety under Vehumet
  4575 | D:7      | Offered knowledge of Magic Dart by Vehumet.
  4701 | D:5      | Reached XP level 8. HP: 48/48 MP: 14/16
  4938 | D:5      | Noticed a kobold demonologist
  4949 | D:5      | Noticed an ice devil
  4950 | D:5      | Killed a kobold demonologist
  4951 | D:5      | Reached skill level 5 in Spellcasting
  4979 | D:5      | Found Noal Daz's Vocational Training.
  5024 | D:5      | Reached skill level 5 in Shields
  5210 | D:5      | Killed Grinder
  5285 | D:5      | Found a glowing silver altar of Zin.
  5553 | D:8      | Found a broken altar of Ashenzari.
  5610 | D:8      | Reached XP level 9. HP: 34/52 MP: 17/20
  5614 | D:8      | Reached skill level 5 in Necromancy
  5656 | D:8      | Found a staircase to the Lair.
  5694 | D:8      | Learned a level 1 spell: Magic Dart
  5706 | D:8      | Found a runed translucent door.
  5710 | D:8      | Found a basalt altar of Yredelemnul.
  5718 | D:8      | Offered knowledge of Kiss of Death by Vehumet.
  5758 | D:8      | Reached ** piety under Vehumet
  5948 | D:8      | Reached skill level 5 in Fighting
  5948 | D:8      | Reached skill level 1 in Conjurations
  6080 | D:8      | Noticed Maurice
  6419 | D:9      | Found a staircase to the Orcish Mines.
  6441 | D:9      | Found a sparkling altar of Nemelex Xobeh.
  6442 | D:9      | Found a transporter.
  6442 | D:9      | Noticed a necromancer
  6788 | D:9      | Noticed Erica
  6825 | D:9      | Reached skill level 5 in Conjurations
  6941 | D:9      | Noticed a cyclops
  6953 | D:9      | Killed a cyclops
  6954 | D:9      | Reached XP level 10. HP: 29/60 MP: 13/21
  7060 | D:9      | Noticed Erolcha
  7065 | D:9      | Noticed an orc sorcerer
  7230 | D:8      | Something stole a +5 ring of evasion
  7239 | D:8      | Killed Maurice
  7492 | D:8      | Found a runed translucent door.
  7539 | D:8      | Offered knowledge of Mephitic Cloud by Vehumet.
  7609 | D:8      | Reached *** piety under Vehumet
  7622 | D:8      | Found a roughly hewn altar of Beogh.
  7893 | D:9      | Got the Directory of Grit
  7904 | D:9      | Got Sif Muna's Anthology of the Magnum Opus
  7915 | D:9      | Got the Octavo of Blinking Orogeny
  8029 | D:9      | Killed Erolcha
  8195 | D:9      | Learned a level 4 spell: Olgreb's Toxic Radiance
  8264 | D:10     | Entered Level 10 of the Dungeon
  8317 | D:10     | Offered knowledge of Hailstorm by Vehumet.
  8333 | D:10     | Found a flagged portal.
  8382 | D:10     | Learned a level 4 spell: Ignite Poison
  8385 | Bailey   | Entered a bailey
  8441 | Bailey   | Noticed an orc knight
  8443 | Bailey   | Reached **** piety under Vehumet
  8448 | Bailey   | Killed an orc knight
  8449 | Bailey   | Reached skill level 1 in Fire Magic
  8449 | Bailey   | Reached XP level 11. HP: 60/67 MP: 11/22
  8487 | Bailey   | Offered knowledge of Sticky Flame by Vehumet.
  8554 | Bailey   | Reached skill level 5 in Alchemy
  8576 | Bailey   | Acquired the ring "Panon" {rPois rF+ Int+6 Dex-2 Slay+3}
  8822 | Bailey   | Found an iron altar of Okawaru.
  8828 | Bailey   | Reached skill level 5 in Dodging
  8856 | Bailey   | Identified the +7 flail of freelancePsychic's Woe {flame,
                  | *Noise rN++ Str+3 Stlth+}
  9351 | D:10     | Reached ***** piety under Vehumet
  9358 | D:10     | Offered knowledge of Starburst by Vehumet.
  9666 | D:10     | Learned a level 5 spell: Freezing Cloud
  9676 | D:11     | Noticed Snorg
  9683 | D:11     | Killed Snorg
  9732 | D:11     | Reached skill level 1 in Air Magic
 10086 | D:11     | Noticed a seven-headed hydra
 10136 | D:11     | Noticed a boulder beetle
 10142 | D:11     | Killed a boulder beetle
 10388 | D:11     | You fall into a shaft and drop 3 floors!
 10460 | D:14     | Noticed a rakshasa
 10510 | D:14     | Noticed a skeletal warrior
 10511 | D:14     | Noticed a skeletal warrior
 10522 | D:13     | Acquired a manual of Conjurations
 10532 | D:13     | Noticed a red ugly thing
 10542 | D:13     | Noticed Uzeprotekshun's ghost (journeyman MDMo)
 10595 | D:13     | Found a transporter.
 10600 | D:13     | Found a transporter.
 10743 | D:13     | Found a sacrificial altar of Ru.
 10763 | D:13     | Noticed a centaur warrior
 10765 | D:13     | Noticed a cyan ugly thing
 10767 | D:13     | Killed a centaur warrior
 10767 | D:13     | Noticed a centaur warrior
 10767 | D:13     | Noticed a green ugly thing
 10769 | D:13     | Noticed a two-headed ogre
 10771 | D:13     | Noticed a deep elf pyromancer
 10773 | D:13     | Noticed a deep elf pyromancer
 10775 | D:13     | Noticed a centaur warrior
 10776 | D:13     | Reached XP level 12. HP: 48/73 MP: 16/26
 10779 | D:13     | Killed a centaur warrior
 11125 | D:12     | Reached skill level 5 in Air Magic
 11259 | D:12     | Reached skill level 10 in Conjurations
 11296 | D:12     | Got Purysex's Tome of the Brume and Kindling
 11309 | D:12     | Noticed a two-headed ogre
 11313 | D:12     | Killed a two-headed ogre
 11401 | D:12     | Noticed a two-headed ogre
 11408 | D:12     | Killed a two-headed ogre
 11863 | D:11     | Identified the +0 plate armour "Neclai Ixil" {MP+9}
 12077 | Orc:1    | Entered Level 1 of the Orcish Mines
 12077 | Orc:1    | Noticed a boulder beetle
 12081 | Orc:1    | Reached skill level 10 in Spellcasting
 12081 | Orc:1    | Killed a boulder beetle
 12229 | Orc:2    | Entered Level 2 of the Orcish Mines
 12440 | Orc:2    | Reached skill level 1 in Earth Magic
 12794 | Orc:2    | Found a staircase to the Elven Halls.
 12819 | Orc:2    | Offered knowledge of Plasma Beam by Vehumet.
 12845 | Orc:2    | Found Mozen's Book Shop.
 12845 | Orc:2    | Noticed an orc high priest
 12854 | Orc:2    | Noticed an orc high priest
 12854 | Orc:2    | Killed an orc high priest
 12855 | Orc:2    | Reached XP level 13. HP: 68/78 MP: 29/29
 12996 | Orc:2    | Found Bocsud's Antique Weapon Shop.
 12997 | Orc:2    | Found Pummazeh's Antique Weapon Emporium.
 12997 | Orc:2    | Found Tooriyw's Assorted Antiques.
 13030 | Orc:2    | Bought a bubbling green potion for 27 gold pieces
 13030 | Orc:2    | Bought a fuming puce potion for 27 gold pieces
 13030 | Orc:2    | Bought 3 scrolls of teleportation for 270 gold pieces
 13030 | Orc:2    | Bought a scroll of identify for 60 gold pieces
 13198 | Orc:2    | Reached skill level 10 in Ice Magic
 13209 | Orc:2    | Noticed an ettin
 13214 | Orc:2    | Killed an ettin
 13219 | Orc:2    | Reached skill level 10 in Dodging
 13393 | Orc:2    | Learned a level 7 spell: Orb of Destruction
 13560 | Lair:1   | Entered Level 1 of the Lair of Beasts
 13904 | Lair:1   | Offered knowledge of Eringya's Noxious Bog by Vehumet.
 13912 | Lair:1   | Learned a level 6 spell: Eringya's Noxious Bog
 14631 | Lair:2   | Reached XP level 14. HP: 86/86 MP: 30/30
 14731 | Lair:2   | Found a staircase to the Shoals.
 14880 | Lair:2   | Found a hole to the Spider Nest.
 15803 | Lair:3   | Reached ****** piety under Vehumet
 16578 | Lair:4   | Found a viscous altar of Jiyva.
 16578 | Lair:4   | Found a staircase to the Slime Pits.
 16649 | Lair:4   | Reached skill level 10 in Fighting
 16656 | Lair:4   | Offered knowledge of Spellforged Servitor by Vehumet.
 16845 | Lair:4   | Reached skill level 15 in Conjurations
 17359 | Lair:5   | Entered Level 5 of the Lair of Beasts
 17371 | Lair:5   | Reached skill level 10 in Alchemy
 17595 | D:4      | Bought a pair of gloves for 94 gold pieces
 17595 | D:4      | Bought a phial of floods for 840 gold pieces
 17764 | Lair:5   | Reached skill level 1 in Armour
 17764 | Lair:5   | Reached XP level 15. HP: 92/92 MP: 26/31
 18082 | Lair:5   | Identified the +1 scale mail "Geefot" {Harm rF- Int+5
                  | Stlth+}
 18107 | Lair:5   | Reached skill level 5 in Armour
 18154 | Lair:5   | Offered knowledge of Irradiate by Vehumet.
 18647 | Lair:5   | Reached skill level 5 in Stealth
 18674 | Lair:5   | Learned a level 5 spell: Irradiate
 18775 | Lair:5   | Acquired freelancePsychic's Incunable of Rough Doom
 19063 | Elf:1    | Entered Level 1 of the Elven Halls
 19335 | Elf:1    | Noticed Frances
 19470 | Elf:1    | Got the Secrets of the Flock
 19540 | Elf:1    | Found a flickering gateway to a bazaar.
 19546 | Bazaar   | Entered a bazaar
 19546 | Bazaar   | Found Ketweose's Antique Armour Shop.
 19555 | Bazaar   | Found Fuarr's Distillery.
 19575 | Bazaar   | Found Haukk's Distillery.
 19583 | Bazaar   | Found Asataen's Armour Shop.
 19632 | Bazaar   | Bought a faintly glowing leather armour for 203 gold pieces
 19632 | Bazaar   | Identified the +3 leather armour of Veolax {Rampage Str+2
                  | Int-4 Slay+3} (You bought it in a shop in a bazaar)
 19706 | Elf:1    | Paralysed by an air elemental for 1 turns
 19948 | Elf:1    | Killed Frances
 19963 | Elf:1    | Reached XP level 16. HP: 86/99 MP: 19/33
 20242 | Elf:2    | Noticed Zenata
 20276 | Elf:2    | Offered knowledge of Arcjolt by Vehumet.
 20318 | Elf:2    | Found a white marble altar of Elyvilon.
 20318 | Elf:2    | Found a glowing golden altar of the Shining One.
 20319 | Elf:2    | Found a crumbling gateway.
 20353 | Elf:2    | Found a glowing silver altar of Zin.
 20362 | Elf:2    | Gained mutation: Armour fits poorly on your strangely
                  | shaped body. [mutagenic glow]
 20474 | Desolati | Entered the Desolation of Salt
 20551 | Desolati | Identified the +6 morningstar of Malaise {heavy, rPois
                  | rCorr Int+4}
 20828 | Desolati | Identified the +6 war axe "Giant's Funeral" {venom, rCorr
                  | Int+5}
 21264 | Desolati | Got Fuffaa's Handbook of Astrapomancy and Wounds
 21267 | Desolati | Got the Quarto of Blasting and the Hornet
 21269 | Desolati | Identified the +5 quarterstaff of Midnight {drain, Will+
                  | rCorr Dex+2}
 21271 | Desolati | Identified the +3 arbalest of Tortfeasance {drain, rF++
                  | Int-3 Dex+5}
 21595 | Desolati | Offered knowledge of Maxwell's Capacitive Coupling by
                  | Vehumet.
 21610 | Desolati | Reached skill level 15 in Dodging
 21984 | Elf:3    | Entered Level 3 of the Elven Halls
 22439 | Elf:3    | Reached skill level 10 in Armour
 22465 | Elf:3    | Reached XP level 17. HP: 66/106 MP: 20/34
 22566 | Elf:3    | Noticed a Tzitzimitl
 22594 | Elf:3    | Paralysed by an air elemental for 1 turns
 22710 | Elf:3    | Identified the +11 long sword "Danon" {flame, rElec rCorr
                  | Str+2 Int-3}
 23012 | Elf:3    | HP: 3/106 [deep elf high priest/damnation (34)]
 23019 | Elf:3    | Identified the +0 robe "Tealut" {-Cast rN+ Dex+5}
 23140 | Elf:3    | Noticed a deep elf master archer
 23141 | Elf:3    | Noticed a deep elf blademaster
 23141 | Elf:3    | Identified the +6 great sword of Soft Honour {vamp, rC+
                  | Dex+6}
 23141 | Elf:3    | Identified the +0 scale mail of Insecurity {-Cast Str+6
                  | Dex+3}
 23148 | Elf:3    | Killed a deep elf blademaster
 23150 | Elf:3    | Killed a deep elf master archer
 23152 | Elf:3    | Noticed a deep elf blademaster
 23157 | Elf:3    | Killed a deep elf blademaster
 23199 | Elf:3    | Identified the amulet of the Neverending Wishes {*Corrode
                  | RegenMP+ Dex+6}
 23230 | Elf:3    | Identified the ring of Deshi {rPois AC+4 Dex+2}
 23341 | Elf:3    | Got the Textbook on the Plateau and Summoning
 23374 | Elf:3    | Identified the +2 sling of the Hairy God {flame, rF+ Will+
                  | Int-5}
 23389 | Elf:3    | Identified the staff of Lust {rPois Str-5 Tloc Air Alchemy}
 23528 | Elf:3    | Found Kacaomo's Book Shop.
 23529 | Elf:3    | Found Jeatiot's Jewellery Emporium.
 23530 | Elf:3    | Found Awney's Book Shop.
 23996 | Spider:1 | Entered Level 1 of the Spider Nest
 24030 | Spider:1 | Noticed Kirke
 24042 | Spider:1 | Killed Kirke
 24042 | Spider:1 | Offered knowledge of Chain Lightning by Vehumet.
 24042 | Spider:1 | Offered knowledge of Polar Vortex by Vehumet.
 24042 | Spider:1 | Offered knowledge of Ignition by Vehumet.
 24216 | Spider:1 | Identified the serpent talisman of Shadows and Fog {rC+ rN+
                  | Str+3 Dex+4}
 24216 | Spider:1 | Noticed Aizul
 24230 | Spider:1 | Killed Aizul
 25322 | Spider:2 | Reached XP level 18. HP: 114/114 MP: 38/38
 25664 | Spider:3 | Noticed Mara
 25682 | Spider:2 | Lost mutation: Armour fits poorly on your strangely shaped
                  | body. [potion of mutation]
 25682 | Spider:2 | Gained mutation: Your health recovers twice as slowly from
                  | being drained. [potion of mutation]
 25682 | Spider:2 | Gained mutation: Your flesh is cold resistant. (rC+)
                  | [potion of mutation]
 25682 | Spider:2 | Gained mutation: Your mind is acute. (Int +4, Str/Dex -1)
                  | [potion of mutation]
 25693 | Spider:2 | Learned a level 9 spell: Polar Vortex
 25705 | Spider:3 | Identified the +0 robe of the Marlin {Slay+5}
 25720 | Spider:3 | Identified the +0 pair of gloves of Wafoh {Str+3 Int+3}
 25986 | Spider:3 | Killed Mara
 26339 | Spider:4 | Entered Level 4 of the Spider Nest
 26466 | Spider:4 | Identified the +4 bardiche of the Moon {freeze, rPois Will+
                  | Str+3}
 26494 | Spider:4 | Found a runed translucent door.
 26562 | Spider:4 | Reached skill level 15 in Spellcasting
 27007 | Spider:4 | Got a gossamer rune of Zot
 27166 | Spider:4 | Found a shimmering altar of Xom.
 27166 | Spider:4 | Noticed dcgchant's ghost (adept GnIE)
 27166 | Spider:4 | Found the +8 whip "Snakebite" {venom, curare, rPois}
 27214 | Spider:4 | Killed dcgchant's ghost
 27232 | Spider:4 | Identified the staff of Ignis's Righteous Fury {rF+ Str+3
                  | Int+3 Stlth+ Fire}
 27237 | Spider:4 | Identified the +1 hand axe "Rutilah" {flame, Will+ Stlth+}
 27357 | Shoals:1 | Entered Level 1 of the Shoals
 27357 | Shoals:1 | Found Cewydet's General Store.
 27389 | Shoals:1 | Bought a scroll of poison for 56 gold pieces
 27389 | Shoals:1 | Bought a scroll of poison for 56 gold pieces
 28168 | Shoals:2 | Reached skill level 15 in Ice Magic
 28175 | Shoals:2 | Found Yddam's Book Boutique.
 28276 | Shoals:2 | Found a transporter.
 28279 | Shoals:2 | Noticed yleetSyT's ghost (adept DEHu)
 28395 | Shoals:2 | Found a transporter.
 28729 | Shoals:2 | Killed yleetSyT's ghost
 28756 | Shoals:2 | Identified the ring of Yxtupum {rElec rF+ Will+ AC+4}
 28763 | Shoals:2 | Identified the ring "Udyn" {^Contam rPois rC+++ Will+ MP-9}
 28789 | Shoals:3 | Noticed Ilsuiw
 28789 | Shoals:3 | Found a flickering gateway to a bazaar.
 28828 | Bazaar   | Entered a bazaar
 28828 | Bazaar   | Found Cuuniret's Book Shop.
 28834 | Bazaar   | Found Viakheg's Weapon Shop.
 28856 | Bazaar   | Found Vohaduog's Armour Shoppe.
 28863 | Bazaar   | Found Yqesm's Distillery.
 28867 | Bazaar   | Found Hielyoph's Distillery.
 28869 | Bazaar   | Bought a potion of haste for 120 gold pieces
 28869 | Bazaar   | Bought a potion of magic for 96 gold pieces
 28869 | Bazaar   | Bought a potion of brilliance for 48 gold pieces
 28869 | Bazaar   | Bought a potion of haste for 120 gold pieces
 28869 | Bazaar   | Bought a potion of mutation for 96 gold pieces
 28869 | Bazaar   | Bought a potion of ambrosia for 96 gold pieces
 28869 | Bazaar   | Bought 2 potions of ambrosia for 192 gold pieces
 28874 | Bazaar   | Bought 2 potions of haste for 220 gold pieces
 28874 | Bazaar   | Bought a potion of haste for 110 gold pieces
 28874 | Bazaar   | Bought a potion of brilliance for 44 gold pieces
 28874 | Bazaar   | Bought a potion of cancellation for 88 gold pieces
 28874 | Bazaar   | Bought a potion of cancellation for 88 gold pieces
 28906 | Shoals:3 | Killed Ilsuiw
 28907 | Shoals:3 | Reached XP level 19. HP: 120/121 MP: 38/40
 29019 | Shoals:3 | Noticed Ziod Jao's ghost (journeyman MeWn)
 29020 | Shoals:3 | Found a runed translucent gate.
 29020 | Shoals:3 | Noticed Taer's ghost (adept CoFi)
 29022 | Shoals:3 | Found a runed translucent gate.
 29233 | Shoals:3 | Found a runed translucent gate.
 29236 | Shoals:3 | Noticed Yxiroum's ghost (adept CoHu)
 29491 | Shoals:3 | Noticed Nikola
 29499 | Shoals:3 | Killed Nikola
 29587 | Shoals:4 | Entered Level 4 of the Shoals
 30274 | Shoals:4 | Identified the +1 hand axe of the Brain {freeze, Str+4
                  | Dex+5}
 30325 | Shoals:4 | Noticed Mlioglotl
 30343 | Shoals:4 | Reached skill level 15 in Fighting
 30601 | Shoals:4 | Got a barnacled rune of Zot
 30736 | Shoals:4 | Killed Mlioglotl
 30913 | Slime:1  | Entered Level 1 of the Pits of Slime
 31727 | Slime:5  | Entered Level 5 of the Pits of Slime
 32034 | Slime:5  | Reached XP level 20. HP: 110/129 MP: 41/41
 32037 | Slime:5  | Gained mutation: You occasionally lose the ability to drink
                  | potions when taking damage. [a shining eye]
 32155 | Slime:5  | Found a viscous altar of Jiyva.
 32266 | Slime:5  | Noticed the Royal Jelly
 32283 | Slime:5  | Killed the Royal Jelly
 32386 | Slime:5  | Got a slimy rune of Zot
 32467 | Slime:5  | Identified the ring of Xearrun {Fly rElec rC+}
 32488 | Slime:5  | Identified the ring "Xoarr" {rC+ Str+3 Int+3 Dex+6}
 32516 | Slime:5  | Got the Writings on Synthesis
 32549 | Slime:5  | Identified the +6 scale mail of Resourcefulness {Str+3}
 33335 | D:13     | Reached skill level 1 in Shapeshifting
 33574 | D:14     | Found a gate to the Vaults.
 33592 | D:14     | Noticed Agnes
 33596 | D:14     | Killed Agnes
 33816 | D:14     | Found a shadowy altar of Dithmenos.
 33976 | D:14     | Found an ornate altar of the Wu Jian Council.
 34172 | D:15     | Entered Level 15 of the Dungeon
 34480 | D:15     | Found a staircase to the Depths.
 34900 | Vaults:1 | Entered Level 1 of the Vaults
 35087 | Vaults:1 | Reached skill level 5 in Shapeshifting
 35330 | Vaults:1 | Found Uloi's Armour Shoppe.
 35346 | Vaults:1 | Bought a +2 helmet of see invisible for 408 gold pieces
 36015 | Vaults:1 | Reached XP level 21. HP: 134/134 MP: 36/42
 36384 | Vaults:2 | Noticed Jory
 36390 | Vaults:2 | Killed Jory
 36542 | Vaults:2 | Paralysed by a formless jellyfish for 1 turns
 36748 | Vaults:2 | Identified the +5 battleaxe of Ciyrygut {venom, ^Fragile
                  | rF+ Int+3}
 37152 | Vaults:2 | Noticed Donald
 37158 | Vaults:2 | Killed Donald
 37393 | Vaults:2 | Noticed Asterion
 37400 | Vaults:2 | Killed Asterion
 38396 | Vaults:3 | Found a staircase to the Crypt.
 38706 | Vaults:3 | Found Caohotul's Weapon Shop.
 38858 | Vaults:4 | Reached XP level 22. HP: 113/141 MP: 40/43
 38986 | Vaults:4 | Found Wedanyeske's Weapon Emporium.
 39036 | Vaults:4 | Found Kosmip's Book Emporium.
 39301 | Vaults:4 | Reached skill level 10 in Shapeshifting
 39305 | Vaults:4 | Found Ekih Raf's Jewellery Boutique.
 39318 | Vaults:4 | Found Gunkup's Magic Scroll Boutique.
 39323 | Vaults:4 | Bought a scroll of enchant armour for 90 gold pieces
 39518 | Vaults:4 | Found Izuuff's Weapon Boutique.
 39938 | Vaults:5 | Entered Level 5 of the Vaults
 39940 | Vaults:5 | Noticed a golden dragon
 39941 | Vaults:5 | Noticed a golden dragon
 39958 | Vaults:5 | Noticed a dread lich
 39960 | Vaults:5 | Killed a golden dragon
 39992 | Vaults:5 | Killed a dread lich
 39992 | Vaults:5 | Killed a golden dragon
 40024 | Vaults:5 | Noticed a golden dragon
 40031 | Vaults:5 | Killed a golden dragon
 40306 | Vaults:5 | Got the Textbook on the Brume and Detritus
 40385 | Vaults:5 | Identified the +1 falchion "Nicoti Lofy" {heavy, Dex+3}
 40388 | Vaults:5 | Identified the +7 chain mail of Lugonu's Inspiration {rCorr
                  | Str+3}
 40437 | Vaults:5 | Got Xicunau's Elucidation of the Buccaneer
 40450 | Vaults:5 | Identified the +0 robe "Ruinemyi" {Dex+3 Stlth+}
 40487 | Vaults:5 | Identified the +8 long sword of Wuasag {vamp, rPois rF+
                  | Int+3}
 40559 | Vaults:5 | Noticed an ancient lich
 40568 | Vaults:5 | Killed an ancient lich
 40621 | Vaults:5 | Got a silver rune of Zot
 40790 | Vaults:5 | Reached XP level 23. HP: 147/150 MP: 36/44
 40999 | Vaults:5 | Identified the +0 orcbow of Ymuanis {drain, rElec rC- Str-3
                  | SInv}
 42162 | Crypt:1  | Entered Level 1 of the Crypt
 43461 | Crypt:2  | Noticed Xtahua
 43471 | Crypt:2  | Killed Xtahua
 43668 | Crypt:2  | Identified the +0 scale mail "Jepleos" {^Contam rC+ Slay+5}
 43961 | Crypt:2  | Reached skill level 15 in Shapeshifting
 44110 | Crypt:3  | Entered Level 3 of the Crypt
 44382 | Crypt:3  | Found a basalt altar of Yredelemnul.
 44605 | Crypt:3  | Noticed Khufu
 44608 | Crypt:3  | Noticed a royal mummy
 44611 | Crypt:3  | Noticed a royal mummy
 45070 | Depths:1 | Entered Level 1 of the Depths
 45235 | Depths:1 | Noticed Saint Roka
 45259 | Depths:1 | Killed Saint Roka
 45348 | Depths:1 | Reached XP level 24. HP: 145/157 MP: 44/44
 45393 | Depths:1 | Found Oduuck's General Store.
 45479 | Depths:1 | Noticed Eluafa Diuxt's ghost (veteran TrGl)
 45489 | Depths:1 | Found a bloodstained altar of Trog.
 45493 | Depths:1 | Found a transporter.
 45751 | Depths:1 | Noticed a juggernaut
 45760 | Depths:1 | Found a transporter.
 45799 | Depths:1 | Found a one-way gate leading to the halls of Pandemonium.
 45891 | Depths:1 | Found a gateway to Hell.
 46293 | Depths:2 | Identified the +9 lajatang "Efigh" {drain, rElec rF+ Will-
                  | SInv}
 46295 | Depths:2 | Identified the ring of Wugics {+Blink rElec MP+9 EV+5}
 46310 | Depths:2 | Identified the amulet of Soke Dal {Acrobat Dex+3}
 46415 | Depths:2 | Found the +5 Storm Queen's Shield {shock, Fly rElec}
 46422 | Depths:2 | Noticed a juggernaut
 46429 | Depths:2 | Killed a juggernaut
 46668 | Depths:2 | Found Esoir's Armour Shoppe.
 47282 | Depths:3 | Found a runed translucent door.
 47283 | Depths:3 | Noticed Jigeme's ghost (veteran DEHs)
 47787 | Depths:3 | Found a one-way gate to the infinite horrors of the Abyss.
 48264 | Depths:4 | Entered Level 4 of the Depths
 48298 | Depths:4 | Reached XP level 25. HP: 162/163 MP: 40/44
 48832 | Depths:4 | Found a gate to the Realm of Zot.
 48919 | Depths:4 | Found a one-way gateway to a ziggurat.
 49191 | Hell     | Entered the Vestibule of Hell
 49191 | Hell     | Noticed Geryon
 49206 | Hell     | Killed Geryon
 49428 | Hell     | Found a gateway to the decaying netherworld of Tartarus.
 49492 | Hell     | Found a gateway to the ashen valley of Gehenna.
 49634 | Hell     | Found a gateway to the Iron City of Dis.
 49747 | Hell     | Found a gateway to the freezing wastes of Cocytus.
 49984 | Depths:3 | Voluntarily entered the Abyss.
 50257 | Abyss:1  | Found a corrupted altar of Lugonu.
 50257 | Abyss:1  | Found a corrupted altar of Lugonu.
 50257 | Abyss:1  | Found a corrupted altar of Lugonu.
 50361 | Depths:3 | Escaped the Abyss
 50363 | Depths:3 | Voluntarily entered the Abyss.
 50363 | Abyss:2  | Found a corrupted altar of Lugonu.
 50413 | Abyss:2  | Found a corrupted altar of Lugonu.
 50436 | Abyss:2  | Found a corrupted altar of Lugonu.
 50464 | Abyss:2  | Reached skill level 10 in Air Magic
 50469 | Abyss:2  | Paralysed by accursed screaming for 1 turns
 51072 | Abyss:3  | Found a corrupted altar of Lugonu.
 51150 | Depths:3 | Escaped the Abyss
 51152 | Depths:3 | Voluntarily entered the Abyss.
 51167 | Abyss:4  | Found a corrupted altar of Lugonu.
 51186 | Abyss:4  | Noticed a dread lich
 51192 | Abyss:4  | Killed a dread lich
 51211 | Abyss:4  | Got an abyssal rune of Zot
 51230 | Depths:3 | Escaped the Abyss
 51659 | Elf:3    | Bought a book of Spectacle for 440 gold pieces
 51668 | Elf:3    | Learned a level 8 spell: Maxwell's Capacitive Coupling
 51960 | Pan      | Entered Pandemonium
 52214 | Pan      | Noticed Asmymopt the pandemonium lord
 52228 | Pan      | Killed Asmymopt the pandemonium lord
 52506 | Pan      | Reached XP level 26. HP: 168/168 MP: 43/44
 52630 | Pan      | Noticed Zupipp the pandemonium lord
 52640 | Pan      | Killed Zupipp the pandemonium lord
 52760 | Pan      | Entered the realm of Lom Lobon.
 52768 | Pan      | Reached skill level 15 in Air Magic
 53293 | Pan      | Noticed Lom Lobon
 53297 | Pan      | Killed Lom Lobon
 53463 | Pan      | Got a magical rune of Zot
 53735 | Pan      | Noticed Did Niuc the pandemonium lord
 53892 | Pan      | Reached skill level 5 in Fire Magic
 54012 | Pan      | Killed Did Niuc the pandemonium lord
 54102 | Pan      | Found an exit through the horrors of the Abyss.
 54160 | Pan      | Entered the realm of Cerebov.
 54345 | Pan      | Identified the +3 lajatang "Dubrurut" {flame, Str+2}
 54432 | Pan      | Identified the +6 fire dragon scales of Zonenov {rElec rF++
                  | rC- Int+4 Slay+2}
 54432 | Pan      | Identified the ring of Cefrolus {AC+4 Int+2}
 54480 | Pan      | Found the +6 sword of Cerebov {flame}
 54480 | Pan      | Noticed Cerebov
 54624 | Pan      | Identified the +7 quarterstaff "Qagofyro" {speed, rF++
                  | Will+}
 54624 | Pan      | Identified the ring of Awe {Fly rElec Str+2}
 54869 | Pan      | Killed Cerebov
 54887 | Pan      | Identified the staff "Umi Exza" {rElec Earth}
 54979 | Pan      | Got Nirphibu's Incunabulum of Oromancy and the Scorpion
 55006 | Pan      | Got a fiery rune of Zot
 55562 | Pan      | Noticed Woys Huth the pandemonium lord
 55571 | Pan      | Killed Woys Huth the pandemonium lord
 55672 | Pan      | Entered the realm of Gloorx Vloq.
 55883 | Pan      | Reached skill level 10 in Fire Magic
 55930 | Pan      | Reached XP level 27. HP: 115/177 MP: 42/46
 56136 | Pan      | Noticed Gloorx Vloq
 56613 | Pan      | Learned a level 8 spell: Ignition
 57338 | Pan      | Killed Gloorx Vloq
 57353 | Pan      | Got a dark rune of Zot
 57450 | Pan      | Identified the +0 chain mail of the Dungeon {rPois rC- rN+
                  | Dex+3}
 57677 | Pan      | Noticed Dyrhuof the pandemonium lord
 57687 | Pan      | Killed Dyrhuof the pandemonium lord
 57751 | Pan      | Got a demonic rune of Zot
 57967 | Pan      | Found an exit through the horrors of the Abyss.
 57969 | Pan      | Noticed Coud the pandemonium lord
 58078 | Pan      | Reached skill level 15 in Fire Magic
 58257 | Pan      | Entered the realm of Mnoleg.
 58277 | Pan      | Reached skill level 5 in Earth Magic
 58488 | Pan      | Noticed Mnoleg
 58642 | Pan      | Killed Mnoleg
 58816 | Pan      | Found an exit through the horrors of the Abyss.
 58988 | Pan      | Got a glowing rune of Zot
 59059 | Pan      | Reached skill level 10 in Earth Magic
 59096 | Pan      | Noticed Xiblih the pandemonium lord
 59103 | Pan      | Killed Xiblih the pandemonium lord
 59669 | Pan      | Found an exit through the horrors of the Abyss.
 59689 | Pan      | Noticed Xioritir the pandemonium lord
 59694 | Pan      | Killed Xioritir the pandemonium lord
 59719 | Pan      | Took an exit into the Abyss.
 59719 | Abyss:4  | Escaped into the Abyss
 59930 | Depths:1 | Escaped the Abyss
 60073 | Coc:1    | Entered Level 1 of Cocytus
 60197 | Coc:2    | Reached skill level 15 in Earth Magic
 60656 | Coc:5    | Paralysed by a wendigo for 1 turns
 60878 | Coc:5    | Learned a level 9 spell: Shatter
 61250 | Coc:7    | Entered Level 7 of Cocytus
 61555 | Coc:7    | Paralysed by a wendigo for 1 turns
 62434 | Coc:7    | Paralysed by a wendigo for 1 turns
 62939 | Coc:7    | Noticed Antaeus
 62939 | Coc:7    | Found the +3 hat of Pondering {ponderous, Will+ MP+10
                  | Int+5}
 62943 | Coc:7    | Killed Antaeus
 62987 | Coc:7    | Got an icy rune of Zot
 63584 | Dis:1    | Entered Level 1 of the Iron City of Dis
 63859 | Dis:2    | Noticed a juggernaut
 63859 | Dis:2    | Noticed a juggernaut
 63862 | Dis:2    | Killed a juggernaut
 63862 | Dis:2    | Killed a juggernaut
 63877 | Dis:2    | Noticed an ancient lich
 63883 | Dis:2    | Killed an ancient lich
 64029 | Dis:4    | Noticed a dread lich
 64032 | Dis:4    | Killed a dread lich
 64210 | Dis:5    | You fall into a shaft and drop 1 floor!
 64210 | Dis:6    | Noticed an ancient lich
 64214 | Dis:6    | Killed an ancient lich
 64430 | Dis:7    | Entered Level 7 of the Iron City of Dis
 65413 | Dis:7    | Noticed a juggernaut
 65419 | Dis:7    | Killed a juggernaut
 65516 | Dis:7    | Noticed a juggernaut
 65520 | Dis:7    | Killed a juggernaut
 65693 | Dis:7    | Identified the +6 spear of Xip Net {flame, Str+4}
 66164 | Dis:7    | Identified the staff of Reason {^Drain rElec Will+ Dex+3
                  | Tloc Air}
 66167 | Dis:7    | Identified the +10 spear "Yreant" {antimagic, rCorr}
 66398 | Dis:7    | Noticed Dispater
 66403 | Dis:7    | Noticed a juggernaut
 66406 | Dis:7    | Killed a juggernaut
 66412 | Dis:7    | Killed Dispater
 66471 | Dis:7    | Got Coagev's Cyclopedia of Gloom
 66475 | Dis:7    | Got an iron rune of Zot
 66610 | Dis:7    | Identified the amulet "Fepecem" {Spirit Int+3}
 66664 | Hell     | Learned a level 9 spell: Chain Lightning
 66712 | Tar:1    | Entered Level 1 of Tartarus
 67052 | Tar:4    | Noticed a dread lich
 67384 | Tar:7    | Entered Level 7 of Tartarus
 67544 | Tar:7    | Noticed an ancient lich
 67550 | Tar:7    | Killed an ancient lich
 67553 | Tar:7    | Noticed an ancient lich
 67556 | Tar:7    | Noticed a dread lich
 67557 | Tar:7    | Killed an ancient lich
 67567 | Tar:7    | Killed a dread lich
 67710 | Tar:7    | Noticed an ancient lich
 67719 | Tar:7    | Killed an ancient lich
 67814 | Tar:7    | Identified the staff of Turmoil {+Blink rElec rPois Dex-2
                  | Stlth- Air}
 68160 | Tar:7    | Noticed the Serpent of Hell
 68165 | Tar:7    | Killed the Serpent of Hell
 68305 | Tar:7    | Got a bone rune of Zot
 68402 | Geh:1    | Entered Level 1 of Gehenna
 68632 | Geh:1    | You fall into a shaft and drop 1 floor!
 68712 | Geh:3    | Noticed an ancient lich
 68716 | Geh:3    | Killed an ancient lich
 69473 | Geh:7    | Entered Level 7 of Gehenna
 70160 | Geh:7    | Reached skill level 27 in Spellcasting
 70255 | Geh:7    | Found the +13 sceptre of Asmodeus
 70255 | Geh:7    | Noticed Asmodeus
 70276 | Geh:7    | Killed Asmodeus
 70331 | Geh:7    | Got an obsidian rune of Zot
 71019 | Crypt:3  | Got the Grimoire of Resurrection
 71088 | Crypt:3  | Identified the ring of Zahodus {rN++ Int+4 Dex+6}
 71090 | Crypt:3  | Identified the ring "Sonedut" {rN++ Str+6 SInv}
 71170 | Crypt:3  | Killed Khufu
 71172 | Crypt:3  | Killed a royal mummy
 71172 | Crypt:3  | Killed a royal mummy
 71750 | Crypt:3  | Found a staircase to the Tomb.
 71761 | Tomb:1   | Entered Level 1 of the Tomb of the Ancients
 71781 | Tomb:1   | Noticed a royal mummy
 71785 | Tomb:1   | Killed a royal mummy
 71786 | Tomb:1   | Noticed a royal mummy
 71787 | Tomb:1   | Noticed a royal mummy
 71792 | Tomb:1   | Noticed a royal mummy
 71795 | Tomb:1   | Killed a royal mummy
 71796 | Tomb:1   | Killed a royal mummy
 71796 | Tomb:1   | Killed a royal mummy
 71801 | Tomb:1   | Noticed a royal mummy
 71807 | Tomb:1   | Noticed a royal mummy
 71809 | Tomb:1   | Killed a royal mummy
 71814 | Tomb:1   | Killed a royal mummy
 71834 | Tomb:1   | Noticed a royal mummy
 71837 | Tomb:1   | Noticed a royal mummy
 71841 | Tomb:1   | Killed a royal mummy
 71842 | Tomb:1   | Killed a royal mummy
 71982 | Tomb:1   | Noticed a royal mummy
 71985 | Tomb:1   | Killed a royal mummy
 72030 | Tomb:1   | Noticed a royal mummy
 72040 | Tomb:1   | Noticed a royal mummy
 72041 | Tomb:1   | Killed a royal mummy
 72046 | Tomb:1   | Noticed a royal mummy
 72048 | Tomb:1   | Killed a royal mummy
 72052 | Tomb:1   | Killed a royal mummy
 72139 | Tomb:1   | Noticed a royal mummy
 72147 | Tomb:1   | Killed a royal mummy
 72543 | Tomb:1   | Noticed a royal mummy
 72546 | Tomb:1   | Killed a royal mummy
 72885 | Tomb:2   | Noticed a royal mummy
 72890 | Tomb:2   | Killed a royal mummy
 72892 | Tomb:2   | Noticed a royal mummy
 72895 | Tomb:2   | Killed a royal mummy
 72899 | Tomb:2   | Noticed a royal mummy
 72899 | Tomb:2   | Noticed a royal mummy
 72903 | Tomb:2   | Killed a royal mummy
 72904 | Tomb:2   | Killed a royal mummy
 73413 | Tomb:3   | Entered Level 3 of the Tomb of the Ancients
 73425 | Tomb:3   | Noticed a royal mummy
 73426 | Tomb:3   | Noticed a royal mummy
 73427 | Tomb:3   | Noticed a royal mummy
 73428 | Tomb:3   | Killed a royal mummy
 73431 | Tomb:3   | Killed a royal mummy
 73431 | Tomb:3   | Killed a royal mummy
 73433 | Tomb:3   | Noticed a royal mummy
 73438 | Tomb:3   | Noticed a royal mummy
 73439 | Tomb:3   | Killed a royal mummy
 73443 | Tomb:3   | Killed a royal mummy
 73444 | Tomb:3   | Noticed a royal mummy
 73450 | Tomb:3   | Killed a royal mummy
 73451 | Tomb:3   | Reached skill level 27 in Dodging
 73453 | Tomb:3   | Noticed a royal mummy
 73455 | Tomb:3   | Noticed a royal mummy
 73456 | Tomb:3   | Killed a royal mummy
 73458 | Tomb:3   | Killed a royal mummy
 73459 | Tomb:3   | Noticed a royal mummy
 73461 | Tomb:3   | Killed a royal mummy
 73482 | Tomb:3   | Got a golden rune of Zot
 73558 | Tomb:3   | Identified the +0 ring mail "Jogirphea" {Harm Will+ Str-2}
 73762 | Tomb:3   | Identified the ring "Juroamil" {rN+ EV+5 Int+2}
 73777 | Tomb:3   | Identified the +1 broad axe "Tedghun" {freeze, rPois Dex+3
                  | Stlth-}
 73787 | Tomb:3   | Identified the +2 leather armour of Untruth {rPois}
 74283 | Zot:1    | Entered Level 1 of the Realm of Zot
 74577 | Zot:3    | Reached skill level 1 in Evocations
 74592 | Zot:4    | Reached skill level 1 in Staves
 74635 | Zot:4    | Reached skill level 5 in Evocations
 74722 | Zot:4    | Reached skill level 5 in Staves
 74776 | Zot:3    | Learned a level 9 spell: Fire Storm
 75077 | Zot:5    | Entered Level 5 of the Realm of Zot
 75851 | Zot:5    | Noticed a dread lich
 75854 | Zot:5    | Killed a dread lich
 75863 | Zot:5    | Noticed an ancient lich
 75865 | Zot:5    | Killed an ancient lich
 75865 | Zot:5    | Noticed a dread lich
 75866 | Zot:5    | Noticed an orb of fire
 75870 | Zot:5    | Killed a dread lich
 75873 | Zot:5    | Killed an orb of fire
 75874 | Zot:5    | Reached skill level 10 in Evocations
 75915 | Zot:5    | Reached skill level 10 in Staves
 75917 | Zot:5    | Noticed an orb of fire
 75922 | Zot:5    | Killed an orb of fire
 75941 | Zot:5    | Noticed a dread lich
 75943 | Zot:5    | Killed an ancient lich
 75943 | Zot:5    | Killed a dread lich
 75943 | Zot:5    | Noticed a dread lich
 75945 | Zot:5    | Killed a dread lich
 75950 | Zot:5    | Noticed a dread lich
 75951 | Zot:5    | Noticed an ancient lich
 75952 | Zot:5    | Noticed an ancient lich
 75952 | Zot:5    | Got the Orb of Zot
 75954 | Zot:5    | Killed a dread lich
 75954 | Zot:5    | Killed an ancient lich
 75954 | Zot:5    | Noticed a dread lich
 75955 | Zot:5    | Killed an ancient lich
 75964 | Zot:5    | Noticed a dread lich
 75968 | Zot:5    | Killed a dread lich
 75972 | Zot:5    | Noticed an orb of fire
 75976 | Zot:5    | Killed an orb of fire
 75976 | Zot:5    | Killed a dread lich
 76076 | Zot:4    | Noticed Geylov the pandemonium lord
 76159 | Zot:1    | Noticed a seraph
 76162 | Zot:1    | Killed a seraph
 76188 | Zot:1    | Noticed a seraph
 76188 | Zot:1    | Identified the +3 buckler "Obrau" {rN++ Will- Regen+ SInv}
 76495 | D:7      | Reached skill level 15 in Evocations
 76495 | D:7      | Noticed Tietah the pandemonium lord
 76499 | D:7      | Killed Tietah the pandemonium lord
 76522 | D:5      | Noticed Qigient the pandemonium lord
 76526 | D:5      | Killed Qigient the pandemonium lord
 76586 | D:$      | Escaped with the Orb!

Illustrated notes

Levels and vault maps discovered:
D:1:      lightli_arrival_chessboard, layout_basic, nicolae_figureground_pulse
D:2:      layout_loops_cross, serial_park_tiny_pond, minmay_split_cup_small
D:3:      layout_rooms, st_stairs_12, nrook_loot_triangle
D:4:      layout_basic, chequers_temple_overflow_minitemple, serial_shops,
          kennysheep_mini_moat, hangedman_glass_teeth,
          nicolae_concentric_dashed_squares_wild
D:5:      layout_loops_ring, kennysheep_mini, nicolae_shop_vocational,
          uniq_grinder
D:6:      gammafunk_wand_slinger, layout_basic,
          minmay_temple_entry_stoned_glass, serial_shops,
          nicolae_shop_pleasant_corner_grove
D:7:      layout_rooms, centaur_isle
D:8:      layout_cave_pods, lemuel_round_altar, dk_yredelemnul_ordeal,
          erik_lair_orcish_takeover, lightli_church_of_beogh, uniq_maurice
D:9:      layout_loops_corners, grunt_nemelex_the_gamble, orc_david_3,
          minmay_librarian, uniq_erica, uniq_erolcha
D:10:     layout_loops_ring, enter_bailey_5
D:11:     layout_loops_ring, uniq_snorg
D:12:     layout_big_octagon, nicolae_looking_at_the_future
D:13:     thingy_vault, layout_basic, gammafunk_ghost_hive,
          nicolae_ru_sacrificial_ziggurat
D:14:     layout_loops_ring, david_vaults_3,
          nicolae_dithmenos_through_a_glass_darkly,
          pdpol_wu_jian_five_deadly_venoms, uniq_agnes
D:15:     grunt_enter_depths_magical_seal, layout_long_grid,
          serial_park_fountain
Lair:1:   layout_long_grid
Lair:2:   layout_chaotic_city, minmay_shoals_entry_beasts,
          nicolae_spider_entry_tight_spaces
Lair:3:   layout_cave_pods
Lair:4:   layout_long_grid, dpeg_slime_entry_corner,
          chequers_serial_rivers_room_b, serial_bayou_crossing
Lair:5:   grunt_lair_end_beastmaster, layout_hall_layers, minivault_23
Shoals:1: layout_shoals, serial_shops, nicolae_shop_statue_plus
Shoals:2: layout_shoals, serial_shops, shop, gammafunk_ghost_berserking_beasts
Shoals:3: layout_shoals, serial_shops, bzr_entry_islet,
          gammafunk_ghost_cemetery, uniq_nikola, uniq_ilsuiw
Shoals:4: shoals_end_hellmonk_lost_city, uniq_mlioglotl
Spider:1: nicolae_spider_obnoxious_hallway, uniq_aizul, uniq_kirke
Spider:2: layout_spider_delve
Spider:3: layout_spider_delve, uniq_mara
Spider:4: grunt_spider_rune_island, ebering_ghost_xom
Slime:1:  layout_caves
Slime:2:  layout_caves
Slime:3:  layout_caves
Slime:4:  layout_caves, nicolae_slime_barrier, nicolae_slime_rock_hall_of_fame
Slime:5:  slime_pit_nicolae_amoeboid
Orc:1:    layout_caves, serial_shops, shop, blackcustard_rock_pile,
          uniq_gastronok
Orc:2:    st_orc_elflike, layout_diamond_mine, elves_outpost_lemuel
Elf:1:    layout_rooms, serial_shops, bzr_entry_gold, minmay_elf_demonology,
          minmay_misc_feat_columns, david_greed, uniq_frances
Elf:2:    nicolae_elf_blades_crystal_corner, layout_geoelf_octagon,
          portal_desolation_entry_holy_temple, uniq_zenata
Elf:3:    minmay_elf_hall_not_hex, layout_loops_cross, minmay_shop_grove
Vaults:1: nicolae_vaults_storage_closets_3, nicolae_vaults_octothorpe,
          nicolae_vaults_tetromino_Z_2, nicolae_vaults_diamond_1,
          nicolae_vaults_cochlea, v_misc_13, v_pattern_1, vaults_dpeg_diagonal,
          layout_vaults_omnigrid, serial_shops, nicolae_shop_stone
Vaults:2: v_misc_5, nicolae_vaults_three_branches,
          nicolae_vaults_enemy_cabinets, ontoclasm_vaults_pinch,
          hangedman_vaults_hat, nicolae_vaults_closet_pinwheel_3, v_pattern_3,
          nicolae_vaults_yaktaur_gun_rack, layout_vaults_chaotic_city,
          uniq_asterion, uniq_donald, uniq_jory
Vaults:3: vaults_room_fancy_cross, nicolae_vaults_spaceships,
          minmay_crypt_entry_simple_statues, v_alt_pattern_4, v_pattern_2,
          nicolae_vaults_octothorpe, nicolae_vaults_more_shelving_1,
          nicolae_vaults_frosty_reception, nicolae_vaults_hexular_roomagon,
          v_alt_pattern_3, lightli_orcish_oven, nicolae_vaults_sightless_eye,
          layout_vaults_maze, serial_shops, nicolae_lakefront_shop
Vaults:4: nicolae_vaults_little_squares_1, nicolae_vaults_tetromino_T_2,
          nicolae_vaults_house_1, nicolae_vaults_double_plus_1,
          hangedman_vaults_stretched_pinwheel,
          nicolae_vaults_variable_pillar_hall, vaults_dpeg_hooks,
          nicolae_vaults_closet_pinwheel_5, v_misc_11, grunt_vaults_swirl,
          nicolae_vaults_security_offices_2, nicolae_vaults_ring_of_whatevers,
          nicolae_vaults_apartment_2, hangedman_vaults_slice,
          grunt_vaults_diagonal, nicolae_vaults_house_1,
          layout_vaults_big_cross, serial_shops, nicolae_shop_hallway_plus,
          nicolae_shop_bloodbath_and_beyond, nicolae_shop_tiny_real_fake_doors,
          shop, shop
Vaults:5
Crypt:1:  layout_misc_corridors, nicolae_crypt_crumbling_hall
Crypt:2:  layout_gridlike, uniq_xtahua
Crypt:3:  evilmike_haunted_forest, uniq_khufu
Tomb:1
Tomb:2
Tomb:3
Depths:1: layout_cave_shapes, serial_shops, nicolae_take_the_stairs,
          hellmouth_1, bh_walls_and_bars, gammafunk_ghost_wrathful_warriors,
          rand_demon_pan_entry_8, serial_bayou_ford_a,
          kennysheep_generic_room_16, uniq_saint_roka
Depths:2: minmay_the_grid_octo_tiled_squarecenter_mashed
          [minmay_the_grid_octo_checkerflower, minmay_the_grid_octo_empty,
          minmay_the_grid_octo_empty, minmay_the_grid_octo_77,
          minmay_the_grid_square_5x5_megaprize_crossed,
          minmay_the_grid_square_5x5_intrusive_squares,
          minmay_the_grid_square_5x5_inset, minmay_the_grid_square_5x5_shuriken,
          minmay_the_grid_square_5x5_percent], layout_small_grid,
          rand_demon_pan_entry_7, hell_entry, serial_glass, glass_columns_c,
          glass_columns_c, glass_columns_c, glass_columns_a, dk_noncrumbling_4,
          serial_shops, shop
Depths:3: minmay_shrinking_squares, layout_gridville,
          nicolae_abyss_entry_one_way_or_another, hell_entry,
          muffindrake_ghost_dead_mans_drink, rand_demon_pan_entry_5
Depths:4: grunt_bruiser_brothers, layout_cave_shapes, enter_ziggurat_f,
          hell_entry
Hell
Dis:1:    layout_overlapping_boxes, minmay_strange_pillars
Dis:2:    layout_gridville, nicolae_dis_step_into_the_octagon
Dis:3:    layout_subdivisions
Dis:4:    layout_regular_city
Dis:5:    layout_overlapping_boxes, minmay_strange_pillars
Dis:6:    layout_gridville, special_room [special_room_morgue],
          nicolae_dis_bowling_alley
Dis:7:    dis_hangedman
Geh:1:    layout_gehenna_pools_triple
Geh:2:    layout_gehenna_pools_triple
Geh:3:    layout_gehenna_lava_caves
Geh:4:    layout_gehenna_pools_triple
Geh:5:    hangedman_generic_boss_arena
Geh:6:    layout_gehenna_lava_caves
Geh:7:    evilmike_geh
Coc:1:    layout_cocytus_water_paths, serial_ice
Coc:2:    layout_ice_bergs
Coc:3:    layout_cocytus_delve
Coc:4:    layout_cocytus_delve
Coc:5:    layout_cocytus_water_paths
Coc:6:    layout_ice_bergs
Coc:7:    coc_grunt_cove [coc_grunt_cove_antaeus, coc_grunt_cove_fiend,
          coc_grunt_cove_fiend, coc_grunt_cove_fiend, coc_grunt_cove_fiend]
Tar:1:    layout_grid_maze
Tar:2:    layout_grid_maze
Tar:3:    layout_catacombs, nicolae_tar_cuneiform_heaven
Tar:4:    layout_honeycomb
Tar:5:    hangedman_restless_catacombs
Tar:6:    layout_grid_maze
Tar:7:    tar_old
Zot:1:    layout_basic, grunt_megastairs_3
Zot:2:    kennysheep_spiral_hall, layout_onion, hangedman_zot_decor_scrapings
Zot:3:    layout_gridlike, ebering_ghost_reflecting_pool, grunt_megastairs_1
Zot:4:    regret_index_malice_mire, layout_misc_corridors, lemuel_flame_loot_1
Zot:5:    layout_cathedral_of_symmetry

Skill      XL: |  1  2  3  4  5  6  7  8  9 10 11 12 13 14 15 16 17 18 19 20 21 22 23 24 25 26 27 |
---------------+----------------------------------------------------------------------------------+-----
Fighting       | 1 2 3 4 5 7 8 9 10 12 13 14 15 17 18 19 26 | 26.4
Stealth        | 3 4 6 |  6.0
Ice Magic      | 5 6 7 9 10 11 15 19 20 | 20.5
Shields        | 1 2 4 5 6 7 8 |  8.8
Necromancy     | 2 4 6 7 9 |  9.9
Spellcasting   | 4 6 8 10 11 14 15 17 27 | 27.0
Conjurations   | 5 6 8 10 13 15 16 20 | 20.0
Alchemy        | 4 6 11 | 11.8
Dodging        | 4 5 8 11 12 13 15 16 18 20 27 | 27.0
Fire Magic     | 1 4 10 15 | 15.0
Air Magic      | 4 5 6 7 14 16 20 | 20.0
Earth Magic    | 1 3 20 | 20.0
Armour         | 1 6 10 | 10.0
Shapeshifting  | 6 9 12 16 21 23 | 23.0
Evocations     | 15 | 15.0
Staves         | 12 | 12.0

Action                     |  1- 3 |  4- 6 |  7- 9 | 10-12 | 13-15 | 16-18 | 19-21 | 22-24 | 25-27 || total
---------------------------+-------+-------+-------+-------+-------+-------+-------+-------+-------++-------
  Melee: Unarmed           |     1 |     3 |       |       |       |       |       |       |       ||     4
         Staff             |       |    18 |    44 |    14 |    10 |    82 |    36 |    29 |    79 ||   312
   Cast: Freeze            |    31 |    44 |    53 |    14 |       |       |       |       |       ||   142
         Frozen Ramparts   |     5 |    15 |    40 |    15 |       |       |       |       |       ||    75
         Ozocubu's Armour  |       |     6 |    18 |    11 |       |       |       |       |       ||    35
         Olgreb's Toxic Ra |       |       |       |   108 |   122 |    67 |    13 |     5 |     2 ||   317
         Dispel Undead     |       |       |       |    14 |       |    23 |    33 |   105 |    38 ||   213
         Ignite Poison     |       |       |       |    58 |   107 |    99 |    38 |     6 |     1 ||   309
         Freezing Cloud    |       |       |       |    21 |    32 |       |       |       |       ||    53
         Eringya's Noxious |       |       |       |       |    45 |    92 |    57 |     6 |     2 ||   202
         Orb of Destructio |       |       |       |       |    37 |   148 |   113 |    20 |    85 ||   403
         Irradiate         |       |       |       |       |    13 |    62 |    52 |    20 |    70 ||   217
         Polar Vortex      |       |       |       |       |       |       |   112 |   171 |   376 ||   659
         Maxwell's Capacit |       |       |       |       |       |       |       |       |   258 ||   258
         Shatter           |       |       |       |       |       |       |       |       |   378 ||   378
         Chain Lightning   |       |       |       |       |       |       |       |       |   182 ||   182
         Ignition          |       |       |       |       |       |       |       |       |   165 ||   165
         Fire Storm        |       |       |       |       |       |       |       |       |    20 ||    20
Ability: Begin Untransform |       |       |       |       |       |       |       |       |     1 ||     1
  Evoke: Wand              |       |       |     9 |     7 |       |     4 |       |       |     4 ||    24
    Use: Scroll            |     3 |     6 |     2 |    16 |     8 |    19 |     2 |     1 |    21 ||    78
         Potion            |     1 |       |     3 |     1 |       |    14 |     3 |       |    18 ||    40
   Stab: Sleeping          |       |       |       |       |       |     1 |     1 |       |     2 ||     4
         Distracted        |       |       |       |       |       |       |       |       |     1 ||     1
 Armour: Robe              |    10 |       |       |       |       |       |       |       |       ||    10
         Leather armour    |       |    54 |   105 |   103 |    43 |       |       |       |       ||   305
         Steam dragon scal |       |       |       |       |    78 |   279 |   330 |   251 |   891 ||  1829
  Dodge: Dodged            |    12 |    60 |    63 |    49 |    82 |   305 |   460 |   580 |  1353 ||  2964
  Block: Buckler           |       |    40 |   101 |    90 |    97 |   224 |   291 |   322 |   762 ||  1927
   Form: Death             |       |       |       |       |       |       |       |       |     7 ||     7
                           |       |       |       |       |       |       |       |       |     6 ||     6

Table legend: (Time is in decaauts)
 A = Elapsed time spent in this place.
 B = Non-inter-level travel time spent in this place.
 C = Inter-level travel time spent in this place.
 D = Time resting spent in this place.
 E = Time spent auto-exploring this place.
 F = Levels seen in this place.
 G = Mean time per level.
                   A        B        C        D        E       F      G
               +--------+--------+--------+--------+--------+-----+--------+
         Total |  77880 |  70746 |   7134 |   3625 |  47022 | 117 |  665.6 |
       Dungeon |  14404 |  12139 |   2265 |    233 |   9279 |  15 |  960.3 |
          Lair |   5514 |   4838 |    676 |      0 |   3817 |   5 | 1102.8 |
        Shoals |   3662 |   3472 |    190 |    123 |   2411 |   4 |  915.5 |
   Spider Nest |   3550 |   3261 |    289 |    144 |   2148 |   4 |  887.5 |
    Slime Pits |   2099 |   1990 |    109 |    148 |   1360 |   5 |  419.8 |
  Orcish Mines |   1752 |   1312 |    440 |      0 |   1022 |   2 |  876.0 |
   Elven Halls |   3534 |   3147 |    387 |    381 |   1662 |   3 | 1178.0 |
        Vaults |   7217 |   6483 |    734 |    152 |   4818 |   5 | 1443.4 |
         Crypt |   3791 |   3541 |    250 |      0 |   2636 |   3 | 1263.7 |
          Tomb |   2365 |   2273 |     92 |     93 |   1664 |   3 |  788.3 |
        Depths |   4999 |   4179 |    820 |     86 |   3016 |   4 | 1249.8 |
          Hell |   1089 |    880 |    209 |    158 |    420 |   1 | 1089.0 |
           Dis |   3068 |   2854 |    214 |    153 |   1984 |   7 |  438.3 |
       Gehenna |   2323 |   2263 |     60 |    114 |   1579 |   7 |  331.9 |
       Cocytus |   3517 |   3370 |    147 |    415 |   2096 |   7 |  502.4 |
      Tartarus |   1713 |   1666 |     47 |    460 |    515 |   7 |  244.7 |
           Zot |   1963 |   1766 |    197 |    285 |    851 |   5 |  392.6 |
         Abyss |   1455 |   1455 |      0 |      0 |    747 |   7 |  207.9 |
   Pandemonium |   7705 |   7705 |      0 |    405 |   3886 |  19 |  405.5 |
        Bazaar |    172 |    172 |      0 |      0 |    101 |   2 |   86.0 |
        Bailey |    679 |    679 |      0 |      7 |    494 |   1 |  679.0 |
    Desolation |   1300 |   1300 |      0 |    268 |    512 |   1 | 1300.0 |
               +--------+--------+--------+--------+--------+-----+--------+

Top non-repeatable levels by time:
   Coc:7: 2314 daAuts
   Dis:7: 1985 daAuts
Vaults:2: 1800 daAuts
     D:9: 1783 daAuts
 Crypt:3: 1774 daAuts
   Elf:3: 1749 daAuts
   Orc:2: 1563 daAuts
Vaults:5: 1500 daAuts
     D:8: 1492 daAuts
Vaults:3: 1426 daAuts
Depths:1: 1394 daAuts
   Elf:1: 1312 daAuts
Vaults:4: 1312 daAuts
Desolation: 1300 daAuts
  Tomb:1: 1294 daAuts
